 Dungeon Crawl Stone Soup version 0.32-a0-20-ge526923d97 (webtiles) character file.

Game seed: 8171372528614489251

5561 Xavori the Ducker (level 11, -21/93 HPs)
             Began as a Djinni Chaos Knight on Jan 17, 2024.
             Was a Plaything of Xom.
             Killed from afar by a wretched star (24 damage)
             ... with a lance of force
             ... on level 1 of the Abyss.
             The game lasted 00:15:51 (18072 turns).

Xavori the Ducker (Djinni Chaos Knight)            Turns: 18072, Time: 00:15:53

Health: -21/93     AC:  9    Str:  8    XL:     11   Next: 2%
Gold:   1338       EV: 20    Int: 20    God:    Xom [...*..] SH:  8 Dex: 26

rFire   + + .        n - +0 falchion (freeze)
rCold   x . .        d - +1 buckler
rNeg    . . .        b - +2 leather armour
rPois   ∞            (helmet restricted)
rElec   .            B - +1 cloak of Starlight {*Dazzle EV+4 Stlth--}
rCorr   .            e - +0 pair of gloves
SInv    +            (boots unavailable)
Will    ++...        (no amulet) Stlth
                     u - +6 ring of dexterity
HPRegen 0.35/turn    (no ring)
MPRegen 0.00/turn

%: clarity, infuse magic (-22 HP)
@: cleaving, flying, hasted, studying Polearms, very quick
A: sickness immunity, fire resistance 2, cold vulnerability 1, float, innate
caster, HP casting, extra vitality 1, horns 2, see invisible, agile 1, clarity,
clever 2, strong-willed 1, robust 2, wild magic 1, MP-powered wands, [berserk
2], [no potion heal 2], [subdued magic 2]
a: Renounce Religion


You were on level 1 of the Abyss.
You worshipped Xom.
You were a favourite toy of Xom.
You visited 1 branch of the dungeon, and saw 9 of its levels.
You visited the Abyss 1 time.

You collected 1818 gold pieces.
You spent 480 gold pieces at shops.

Inventory:

Hand Weapons
 n - a +0 falchion of freezing (weapon)
Missiles
 y - 2 poisoned darts (quivered)
Armour
 b - a +2 leather armour (worn)
 d - a +1 buckler (worn)
 e - a +0 pair of gloves (worn)
 B - the +1 cloak of Starlight (worn) {*Dazzle EV+4 Stlth--}
   (You acquired it on level 8 of the Dungeon)

   *Dazzle:   It may blind those who miss an attack against the wearer in melee
   combat.
   EV+4:      It affects your evasion (+4).
   Stlth--:   It makes you much less stealthy.
 C - a scarf of resistance
Jewellery
 u - a +6 ring of dexterity (left hand)
Wands
 a - a wand of charming (8)
 w - a wand of iceblast (4)
 D - a wand of polymorph (14)
 F - a wand of mindburst (8)
Scrolls
 c - 2 scrolls of butterflies
 f - a scroll of immolation
 g - 4 scrolls of fear
 h - 4 scrolls of fog
 i - 2 scrolls of enchant weapon {unknown}
 m - 2 scrolls of teleportation {unknown}
 o - a scroll of poison
 q - 3 scrolls of noise
 r - a scroll of enchant armour
 v - 2 scrolls of revelation {unknown}
 x - a scroll of brand weapon {unknown}
Potions
 j - a potion of might {unknown}
 k - 2 potions of degeneration {unknown}
 l - a potion of cancellation {unknown}
 p - a potion of curing {unknown}
 s - a potion of brilliance {unknown}
 t - 2 potions of haste
 A - 2 potions of mutation {unknown}


   Skills:
 + Level 6.6 Fighting
 + Level 6.0 Long Blades
 + Level 5.9 Armour
 + Level 6.8 Dodging
 + Level 5.3 Shields
 * Level 6.0 Spellcasting
 * Level 6.0 Conjurations
 * Level 6.0 Hexes
   Level 0.0 Charms
 * Level 6.0 Summonings
 * Level 6.0 Necromancy
 * Level 6.0 Translocations
   Level 0.0 Transmutations
 * Level 6.0 Fire Magic
 * Level 6.0 Ice Magic
 * Level 6.0 Air Magic
 * Level 6.0 Earth Magic
 * Level 6.0 Alchemy
 + Level 3.5 Evocations


You knew the following spells:

 Your Spells              Type           Power      Damage    Failure   Level
a - Magic Dart            Conj           96%        1d7       1%          1
b - Blink                 Tloc           48%        N/A       2%          2
c - Call Imp              Summ           48%        N/A       2%          2
d - Airstrike             Air            12%        2d(2-18)  19%         4
e - Irradiate             Conj/Alch      12%        3d15      45%         5
Your spell library was empty.

Dungeon Overview and Level Annotations

Branches:
Dungeon (9/15)             Temple (0/1) D:7
   Lair: D:8-11         Orc: D:9-12

Altars:
Trog
Xom

Shops:
D:2 (   D:6 :   D:8 *

Annotations:
D:9 2 transporters, jasper's ghost, novice DEAl


Innate Abilities, Weirdness & Mutations

You are immune to sickness and miasma.
You are immune to poison.
Your flesh is very heat resistant. (rF++)
You are vulnerable to cold. (rC-)
You float through the air rather than walking.
You learn spells naturally, not from books.
Your magical power is your life essence.
You have superior vitality. (+4 MHP)
You have a pair of horns on your head.
You have supernaturally acute eyesight. (SInv)
You are agile. (Dex +4, Str/Int -1)
You possess an exceptional clarity of mind.
Your mind is very acute. (Int +8, Str/Dex -2)
You are strong-willed. (Will+)
You are very robust. (+20% HP)
Your spells are a little harder to cast, but a little more powerful.
You expend health (3 HP) to strengthen your wands.
[You have an uncontrollable temper.]
[Potions cannot restore your health.]
[Your spells are easier to cast, but less powerful.]


Message History

Your system completely rejects the healing effects of potions.
Your connection to magic feels subdued.
Your connection to magic feels more subdued.
You hit the wretched star. You freeze the wretched star.
You headbutt the wretched star, but do no damage.
The wretched star is heavily damaged.
You hit the wretched star but do no damage.
The wretched star is heavily damaged.
The wretched star glows turbulently.
The lance of force hits you!!
* * * LOW HITPOINT WARNING * * *
A shower of butterflies erupts from you!
You are knocked back by the lance of force.
You slam into the crystal wall!
* * * LOW HITPOINT WARNING * * *
You slash the wretched star! You headbutt the wretched star.
The wretched star is severely damaged.
You hit the wretched star.
You headbutt the wretched star, but do no damage.
The wretched star is severely damaged.
You hit the wretched star. Your headbutt misses the wretched star.
The wretched star is severely damaged.
You hit the wretched star but do no damage.
The wretched star is severely damaged.
You hit the wretched star but do no damage.
The wretched star is severely damaged.
You closely miss the wretched star.
The wretched star is severely damaged.
You barely miss the wretched star.
You headbutt the wretched star, but do no damage.
The wretched star is severely damaged.
You closely miss the wretched star.
The wretched star is severely damaged.
You closely miss the wretched star.
You headbutt the wretched star, but do no damage.
The wretched star is severely damaged.
The wretched star glows turbulently.
The lance of force hits you!!
You die...
Xom titters!

# # #
##.##.#
## .# .#
#. #. ..#
# #... #
.. # # #
#z # #
#.###
###.# #..
.# #@# #
. . ##..
##*# . .
#. # b# .
. .
.#...#.#.
.. .. # #
. ## . #
# ..# )
#. # .#.#
#.# # . #
... ## #
.## ## .
# . ###


You could see a wretched star (ally target).

Vanquished Creatures
  A two-headed ogre (D:5)
  Pikel (D:5)
  Maurice (D:8)
  A polar bear (D:7)
  A steam dragon (D:7)
  A water moccasin (D:7)
  3 ice beasts
  A black bear (D:4)
  3 ogres
  3 centaurs
  A wolf (D:8)
  A phantom (D:4)
  3 bullfrogs
  5 scorpions
  A gnoll sergeant (D:8)
  5 wights
  6 killer bees
  An electric eel (D:8)
  3 hounds
  An orc priest (D:5)
  3 bombardier beetles (D:5)
  2 jellies
  4 iguanas
  4 orc wizards
  A centaur simulacrum (D:8)
  3 gnolls
  6 adders
  A river rat (D:4)
  A shadow imp (D:6)
  5 white imps
  A howler monkey simulacrum (D:8)
  3 ufetubi
  3 ribbon worms
  2 dart slugs (D:2)
  14 orcs
  A bat (shapeshifter) (D:2)
  3 bats
  9 endoplasms
  5 giant cockroaches
  9 goblins
  4 hobgoblins
  5 jackals
  A quokka (D:3)
  3 ball pythons
  2 frilled lizards (D:3)
  4 kobolds
  A rat (D:3)
143 creatures vanquished.

Vanquished Creatures (collateral kills)
  A naga mage (Abyss:1)
  A centaur skeleton (Abyss:1)
  An ogre (D:5)
  An ice beast (D:5)
  3 gnolls
  An ufetubus (D:8)
  An orc (D:8)
9 creatures vanquished.

Vanquished Creatures (others)
  A black bear (D:8)
  A wight (Abyss:1)
  A gnoll (D:4)
3 creatures vanquished.

Grand Total: 155 creatures vanquished

Notes
Turn   | Place    | Note
-------+----------+-------------------------------------------
     0 | D:1      | Xavori the Djinni Chaos Knight began the quest for the Orb.
     0 | D:1      | Reached XP level 1. HP: 20/20 MP: 0/0
    20 | D:1      | XOM: silly message
    35 | D:1      | XOM: silly message
   138 | D:1      | You are sucked into a shaft and drop 1 floor!
   277 | D:2      | Found Eleasel's Weapon Shop.
   404 | D:1      | XOM: god gift: chain mail {god gift}
   443 | D:1      | Reached XP level 2. HP: 25/25 MP: 0/0
   704 | D:1      | XOM: summons 2 hostile demons
   705 | D:1      | Noticed a quasit
   899 | D:1      | XOM: give mutations
   899 | D:1      | Gained mutation: Your spells are a little harder to cast,
                  | but a little more powerful. [Xom's mischief]
   899 | D:1      | Gained mutation: You occasionally shout uncontrollably at
                  | your foes. [Xom's mischief]
   899 | D:1      | Lost mutation: You occasionally shout uncontrollably at
                  | your foes. [Xom's mischief]
   899 | D:1      | Gained mutation: You are dopey. (Int -2) [Xom's mischief]
  2692 | D:1      | XOM: summons 2 hostile demons
  2693 | D:1      | Noticed a rust devil
  2693 | D:1      | Noticed an ice devil
  2753 | D:2      | XOM: 1-stop teleportation journey
  2762 | D:2      | XOM: summons 3 hostile shadow creatures
  2864 | D:1      | XOM: stat loss: -1 Int (10/11)
  3396 | D:1      | XOM: god gift: +0 falchion of freezing
  3566 | D:1      | XOM: scenery: summon butterflies
  3909 | D:1      | Identified the staff of Xom's Indignation {rElec SInv Air}
                  | (Xom gifted it to you on level 1 of the Dungeon)
  3909 | D:1      | XOM: god gift: staff of Xom's Indignation {rElec SInv Air}
  4111 | D:1      | XOM: scenery: summon butterflies
  4240 | D:1      | XOM: god gift: scroll labelled CEINUST CAAMI {god gift}
  4368 | D:1      | XOM: scenery: create altars
  4481 | D:1      | XOM: god gift: 1225 gold pieces
  4496 | D:1      | XOM: scenery: create altars
  4809 | D:1      | XOM: god gift: shiny glass wand {god gift}
  5228 | D:1      | XOM: summons 2 hostile demons
  5229 | D:1      | Noticed a crimson imp
  5229 | D:1      | Noticed a quasit
  5681 | D:1      | XOM: stat loss: -1 Dex (7/12)
  6274 | D:1      | XOM: god gift: dagger {god gift}
  6371 | D:1      | XOM: god gift: 20 gold pieces
  6978 | D:1      | XOM: scenery: create altars
  7458 | D:1      | XOM: god gift: ring mail {god gift}
  7741 | D:1      | XOM: 2-stop teleportation journey
  8094 | D:1      | XOM: give mutations
  8094 | D:1      | Gained mutation: You are strong-willed. (Will+) [Xom's
                  | mischief]
  8094 | D:1      | Gained mutation: You expend health (3 HP) to strengthen
                  | your wands. [Xom's mischief]
  8680 | D:1      | XOM: cloud trail
  8954 | D:1      | XOM: give mutations
  8954 | D:1      | Gained mutation: You have a pair of small horns on your
                  | head. [Xom's grace]
  8954 | D:1      | Gained mutation: You have a pair of horns on your head.
                  | [Xom's grace]
  9010 | D:2      | XOM: scenery: summon butterflies
  9011 | D:2      | Reached XP level 3. HP: 30/30 MP: 0/0
  9011 | D:2      | Learned a level 1 spell: Magic Dart
  9033 | D:2      | a rat changed into a killer bee
  9033 | D:2      | Noticed a killer bee
  9033 | D:2      | XOM: polymorph rat -> killer bee
  9037 | D:2      | a killer bee changed into a shapeshifter
  9037 | D:2      | Noticed a shapeshifter (shapeshifter)
  9037 | D:2      | XOM: polymorph killer bee -> shapeshifter
  9037 | D:2      | a shapeshifter changed into a quokka
  9048 | D:2      | Reached skill level 1 in Spellcasting
  9048 | D:2      | Reached skill level 1 in Conjurations
  9048 | D:2      | Reached skill level 1 in Hexes
  9048 | D:2      | Reached skill level 1 in Summonings
  9048 | D:2      | Reached skill level 1 in Necromancy
  9048 | D:2      | Reached skill level 1 in Translocations
  9048 | D:2      | Reached skill level 1 in Fire Magic
  9048 | D:2      | Reached skill level 1 in Ice Magic
  9048 | D:2      | Reached skill level 1 in Air Magic
  9048 | D:2      | Reached skill level 1 in Earth Magic
  9048 | D:2      | Reached skill level 1 in Alchemy
  9205 | D:2      | XOM: divination: detect creatures
  9356 | D:2      | XOM: divination: detect creatures
  9520 | D:3      | Reached XP level 4. HP: 35/35 MP: 0/0
  9961 | D:3      | XOM: give mutations
  9961 | D:3      | Gained mutation: You are robust. (+10% HP) [Xom's mischief]
  9961 | D:3      | Gained mutation: You possess an exceptional clarity of
                  | mind. [Xom's mischief]
  9961 | D:3      | Lost mutation: Your spells are a little harder to cast, but
                  | a little more powerful. [Xom's mischief]
  9961 | D:3      | Lost mutation: You are dopey. (Int -2) [Xom's mischief]
  9966 | D:3      | Identified the staff "Golla" {rPois Dex+2 Conj}
 10201 | D:3      | Reached XP level 5. HP: 40/44 MP: 0/0
 10201 | D:3      | Learned a level 2 spell: Blink
 10881 | D:4      | Reached XP level 6. HP: 43/51 MP: 0/0
 11054 | D:4      | XOM: summons friendly crimson imp
 11056 | D:4      | Noticed a black bear
 11059 | D:4      | Noticed an ogre
 11081 | D:4      | XOM: enchant monster (good)
 11084 | D:4      | XOM: noise
 11213 | D:4      | XOM: destruction
 11220 | D:4      | an ogre changed into a river rat
 11220 | D:4      | XOM: polymorph ogre -> river rat
 11223 | D:4      | Noticed an ogre
 11254 | D:4      | XOM: cleaving
 11285 | D:4      | Killed an ogre
 11286 | D:4      | Reached skill level 1 in Shields
 11286 | D:4      | Reached XP level 7. HP: 35/56 MP: 0/0
 11286 | D:4      | Learned a level 2 spell: Call Imp
 11996 | D:5      | Entered Level 5 of the Dungeon
 12083 | D:4      | XOM: god gift: scroll of fog
 12360 | D:5      | XOM: 1-stop teleportation journey
 12362 | D:5      | XOM: blink monster(s)
 12373 | D:4      | Reached XP level 8. HP: 56/63 MP: 0/0
 12412 | D:5      | XOM: smoke on damage
 12413 | D:5      | XOM: destruction
 12417 | D:5      | XOM: chaos upgrade
 12425 | D:5      | XOM: summons 8 friendly demons
 12429 | D:5      | XOM: butterfly on damage
 12710 | D:5      | XOM: chaos upgrade
 13017 | D:6      | XOM: summons 5 hostile demons
 13229 | D:6      | XOM: divination: detect items
 13230 | D:6      | XOM: summons 2 friendly demons
 13372 | D:6      | XOM: give mutations
 13372 | D:6      | Gained mutation: You have supernaturally acute eyesight.
                  | (SInv) [Xom's mischief]
 13372 | D:6      | Gained mutation: Your mind is acute. (Int +4, Str/Dex -1)
                  | [Xom's mischief]
 13468 | D:6      | Found Oleteott's Book Shoppe.
 13798 | D:6      | XOM: 5-stop teleportation journey
 13817 | D:6      | XOM: destruction
 14062 | D:6      | Found a bloodstained altar of Trog.
 14073 | D:6      | XOM: butterfly on damage
 14076 | D:6      | Reached skill level 5 in Fighting
 14089 | D:6      | XOM: noise
 14243 | D:6      | XOM: god gift: trident {god gift}
 14298 | D:7      | HP: 2/64 [ice beast (21)]
 14435 | D:6      | XOM: divination: detect creatures
 14516 | D:7      | Reached XP level 9. HP: 71/71 MP: 0/0
 14516 | D:7      | Learned a level 4 spell: Airstrike
 14554 | D:7      | Reached skill level 5 in Dodging
 14712 | D:7      | XOM: 6-stop teleportation journey
 14797 | D:7      | XOM: smoke on damage
 14917 | D:7      | XOM: give mutations
 14917 | D:7      | Gained mutation: You are very robust. (+20% HP) [Xom's
                  | grace]
 14917 | D:7      | Gained mutation: Your spells are a little harder to cast,
                  | but a little more powerful. [Xom's grace]
 15033 | D:7      | Found a staircase to the Ecumenical Temple.
 15289 | D:5      | Noticed Pikel
 15321 | D:5      | Killed Pikel
 15322 | D:5      | Reached skill level 5 in Long Blades
 15322 | D:5      | Reached skill level 1 in Evocations
 15633 | D:5      | Noticed a two-headed ogre
 15649 | D:5      | Killed a two-headed ogre
 15650 | D:5      | Reached skill level 5 in Armour
 15650 | D:5      | Reached skill level 5 in Spellcasting
 15650 | D:5      | Reached skill level 5 in Conjurations
 15650 | D:5      | Reached skill level 5 in Hexes
 15650 | D:5      | Reached skill level 5 in Summonings
 15650 | D:5      | Reached skill level 5 in Necromancy
 15650 | D:5      | Reached skill level 5 in Translocations
 15650 | D:5      | Reached skill level 5 in Fire Magic
 15650 | D:5      | Reached skill level 5 in Ice Magic
 15650 | D:5      | Reached skill level 5 in Air Magic
 15650 | D:5      | Reached skill level 5 in Earth Magic
 15650 | D:5      | Reached skill level 5 in Alchemy
 15650 | D:5      | Reached XP level 10. HP: 76/86 MP: 0/0
 16696 | D:8      | Found Ynni's Neck Hole.
 16715 | D:8      | XOM: blink monster(s)
 17139 | D:8      | Reached skill level 5 in Shields
 17202 | D:8      | Bought a scarf of resistance for 480 gold pieces
 17207 | D:8      | Noticed Maurice
 17212 | D:8      | Maurice stole 2 poisoned darts
 17217 | D:8      | Maurice stole 184 gold
 17219 | D:8      | Maurice stole 54 gold
 17232 | D:8      | Killed Maurice
 17365 | D:8      | XOM: divine lightning
 17617 | D:8      | XOM: give mutations
 17617 | D:8      | Gained mutation: Your mind is very acute. (Int +8, Str/Dex
                  | -2) [Xom's grace]
 17617 | D:8      | Gained mutation: You are agile. (Dex +4, Str/Int -1) [Xom's
                  | grace]
 17722 | D:8      | Identified a scroll of acquirement
 17723 | D:8      | Acquired the +1 cloak of Starlight {*Dazzle EV+4 Stlth--}
 17723 | D:8      | Found the +1 cloak of Starlight {*Dazzle EV+4 Stlth--}
 17752 | D:8      | XOM: god gift: wand of mindburst (8)
 17887 | D:9      | Found a transporter.
 17891 | D:9      | Found a transporter.
 17898 | D:9      | Noticed a two-headed ogre
 17902 | D:9      | Noticed a centaur warrior
 17902 | D:9      | Noticed jasper's ghost (novice DEAl)
 17913 | Abyss:1  | Cast into level 1 of the Abyss (Xom)
 17986 | Abyss:1  | Noticed a large abomination
 18003 | Abyss:1  | XOM: summons 2 hostile demons
 18004 | Abyss:1  | Noticed a sixfirhy
 18010 | Abyss:1  | XOM: enchant monster (good)
 18011 | Abyss:1  | Noticed a naga mage
 18047 | Abyss:1  | Killed a naga mage
 18048 | Abyss:1  | Noticed a wretched star
 18051 | Abyss:1  | Reached XP level 11. HP: 84/93 MP: 0/0
 18051 | Abyss:1  | Learned a level 5 spell: Irradiate
 18059 | Abyss:1  | XOM: cleaving
 18063 | Abyss:1  | XOM: butterfly on damage
 18063 | Abyss:1  | HP: 1/93 [crystal wall collision (15)]
 18072 | Abyss:1  | Killed from afar by a wretched star

Illustrated notes

Levels and vault maps discovered:
D:1:      nicolae_arrival_somewhat_less_tricky_arrival, layout_basic
D:2:      layout_loops_ring, serial_shops, nicolae_shop_crystal,
          dreamdust_mushroom_princess
D:3:      layout_basic, due_unseen_surprise
D:4:      layout_loops_ring
D:5:      layout_loops_ring, uniq_pikel
D:6:      layout_loops_corners, lightli_temple_of_fire, serial_shops,
          nicolae_shop_stone, minmay_manual_mares
D:7:      layout_basic, temple_fountains
D:8:      layout_basic, serial_ice, serial_ice_e, serial_ice_i, serial_ice_o,
          serial_ice_g, nicolae_shop_sticking_my_neck_out, uniq_maurice
D:9:      layout_loops_cross, mainiacjoe_overflow_cross_hatched,
          nzn_ghost_randoct
Abyss:1:  base:
Temple

Skill      XL: |  1  2  3  4  5  6  7  8  9 10 |
---------------+-------------------------------+-----
Spellcasting   | 1 2 3 4 5 6 |  6.0
Conjurations   | 1 2 3 4 5 6 |  6.0
Hexes          | 1 2 3 4 5 6 |  6.0
Summonings     | 1 2 3 4 5 6 |  6.0
Necromancy     | 1 2 3 4 5 6 |  6.0
Translocations | 1 2 3 4 5 6 |  6.0
Fire Magic     | 1 2 3 4 5 6 |  6.0
Ice Magic      | 1 2 3 4 5 6 |  6.0
Air Magic      | 1 2 3 4 5 6 |  6.0
Earth Magic    | 1 2 3 4 5 6 |  6.0
Alchemy        | 1 2 3 4 5 6 |  6.0
Long Blades    | 3 4 5 6 |  6.0
Armour         | 2 3 4 5 |  5.9
Dodging        | 3 4 6 |  6.8
Shields        | 1 2 3 4 5 |  5.3
Fighting       | 4 5 6 |  6.6
Evocations     | 2 3 |  3.5

Action                     |  1- 3 |  4- 6 |  7- 9 | 10-12 || total
---------------------------+-------+-------+-------+-------++-------
  Melee: Falchion          |    91 |   143 |   226 |   190 ||   650
         Headbutt          |     4 |    22 |    55 |    51 ||   132
  Throw: Dart              |       |       |     1 |       ||     1
   Cast: Call Imp          |       |       |    12 |    10 ||    22
         Airstrike         |       |       |       |     6 ||     6
  Evoke: Wand              |       |     4 |     3 |     1 ||     8
    Use: Scroll            |     1 |       |     4 |     6 ||    11
         Potion            |       |       |       |     1 ||     1
   Stab: Sleeping          |       |     2 |     1 |       ||     3
         Distracted        |       |       |     1 |       ||     1
 Armour: Leather armour    |    83 |    71 |   134 |   111 ||   399
  Dodge: Dodged            |    69 |    67 |   185 |   153 ||   474
  Block: Buckler           |    31 |    29 |    98 |    74 ||   232

Table legend: (Time is in decaauts)
 A = Elapsed time spent in this place.
 B = Non-inter-level travel time spent in this place.
 C = Inter-level travel time spent in this place.
 D = Time resting spent in this place.
 E = Time spent auto-exploring this place.
 F = Levels seen in this place.
 G = Mean time per level.
                   A        B        C        D        E       F      G
               +--------+--------+--------+--------+--------+-----+--------+
         Total |  18167 |  17684 |    483 |   9673 |   6132 |  10 | 1816.7 |
       Dungeon |  18019 |  17536 |    483 |   9673 |   6060 |   9 | 2002.1 |
         Abyss |    147 |    147 |      0 |      0 |     72 |   1 |  147.0 |
               +--------+--------+--------+--------+--------+-----+--------+

Top non-repeatable levels by time:
     D:1: 8347 daAuts
     D:4: 2117 daAuts
     D:6: 1588 daAuts
     D:5: 1247 daAuts
     D:8: 1219 daAuts
     D:3: 1177 daAuts
     D:2: 1164 daAuts
     D:7: 1130 daAuts
 Abyss:1: 147 daAuts
     D:9: 25 daAuts
